 Dungeon Crawl Stone Soup version 0.21.1-1-g345015f (webtiles) character file.

9157 shakethe the Cleaver (level 11, -1/130 HPs)
             Began as a Demonspawn Gladiator on Feb 27, 2018.
             Was a Priest of Cheibriados.
             Splashed by an acid dragon's acid (7 damage)
             ... on level 11 of the Dungeon.
             The game lasted 00:26:29 (11896 turns).

shakethe the Cleaver (Demonspawn Gladiator)        Turns: 11896, Time: 00:26:30

Health: -1/130     AC: 17    Str: 25    XL:     11   Next: 19%
Magic:  0/15       EV:  2    Int: 21    God:    Cheibriados [***...]
Gold:   576        SH:  6    Dex: 22    Spells: 10/10 levels left

rFire    . . .     SeeInvis .   H - +2 hand axe (flame)
rCold    . . .     Gourm    .   E - +2 buckler
rNeg     + + +     Faith    .   (armour currently unavailable)
rPois    +         Spirit   +   (helmet currently unavailable)
rElec    .         Reflect  .   (cloak currently unavailable)
rCorr    .         Harm     .   (gloves currently unavailable)
MR       +....     NoTele   +   (boots currently unavailable)
Stlth    ++........             (no amulet)
HPRegen  0.31/turn              F - +2 ring of strength
MPRegen  0.28/turn              s - ring of protection from magic {MR+, !d}

@: tree-form, corroded, starving, very slow
A: magic shield, magic regeneration
a: Bend Time, Temporal Distortion, Renounce Religion


You were on level 11 of the Dungeon.
You worshipped Cheibriados.
Cheibriados was most pleased with you.
You were starving.
You were a tree.
You visited 2 branches of the dungeon, and saw 12 of its levels.

You collected 576 gold pieces.

Inventory:

Hand Weapons
 b - a +0 blowgun
   (You took it off a kobold on level 3 of the Dungeon)
 H - a +2 hand axe of flaming (weapon)
   (You took it off an orc on level 9 of the Dungeon)
Missiles
 d - 3 throwing nets {=f, !d}
 r - 9 poisoned needles
Armour
 e - a +1 pair of gloves (melded)
   (You found it on level 1 of the Dungeon)
 z - the +1 scale mail "Ulowouta" {+Blink rF- rCorr Dex+3}
   (You found it on level 5 of the Dungeon)

   It affects your dexterity (+3).
   It makes you vulnerable to fire.
   It lets you blink.
   It protects you from acid and corrosion.
 C - a +0 troll leather armour (melded) {regen}
   (You found it on level 8 of the Dungeon)
 E - a +2 buckler (worn)
   (You found it on level 8 of the Dungeon)
Jewellery
 k - an uncursed ring of see invisible {sInv, !d}
   (You found it on level 1 of the Dungeon)
 l - an uncursed ring of protection from magic {MR+, !d}
   (You found it on level 11 of the Dungeon)
 m - an uncursed ring of wizardry {Wiz+, !d}
   (You found it on level 6 of the Dungeon)
 s - a ring of protection from magic (right branch) {MR+, !d}
   (You found it on level 4 of the Dungeon)
 D - an uncursed ring of magical power {MP+9}
   (You found it on level 9 of the Dungeon)
 F - a +2 ring of strength (left branch)
   (You found it on level 10 of the Dungeon)
Wands
 h - a wand of random effects (102)
   (You found it on level 4 of the Dungeon)
 n - a wand of enslavement (15)
   (You found it on level 11 of the Dungeon)
 y - a wand of digging (10)
   (You found it on level 6 of the Dungeon)
 A - a wand of flame (9)
   (You took it off Duvessa on level 7 of the Dungeon)
 B - a wand of acid (2)
   (You took it off an orc on level 7 of the Dungeon)
Scrolls
 a - a scroll of brand weapon
 o - 9 scrolls of remove curse
 q - 2 scrolls of enchant armour
 G - a scroll of magic mapping {!r}
 J - a scroll of identify
Potions
 g - 2 potions of degeneration {!q}
 p - a potion of lignification {!q}
 u - 2 potions of ambrosia
 v - 4 potions of curing
 w - a potion of berserk rage {!q}
 x - 3 potions of mutation {!q}
Books
 i - a book of Debilitation
   (You found it on level 6 of the Dungeon)
Comestibles
 f - 18 rations
 t - 3 chunks of flesh {@w0@w0}


   Skills:
 + Level 8.7 Fighting
 * Level 11.2 Axes
 - Level 1.7 Throwing
 + Level 8.2 Dodging
 + Level 6.2 Invocations


You had 10 spell levels left.
You didn't know any spells.

Dungeon Overview and Level Annotations

Branches:
Dungeon (11/15)            Temple (1/1) D:7            Lair (0/6) D:9
    Orc: D:9-12

Altars:
Ashenzari
Cheibriados
Dithmenos
Elyvilon
Fedhas
Gozag
Hepliaklqana
Kikubaaqudgha
Makhleb
Nemelex Xobeh
Okawaru
Qazlal
Ru
Sif Muna
Trog
Uskayaw
Vehumet
Wu Jian
Xom
Yredelemnul
Zin
The Shining One

Shops:
D:6 (   D:7 (   D:10 *

Portals:
Trove: D:10 (give 2 scrolls of acquirement)

Annotations:
D:4 Xelenos's ghost, amateur DsFi


Innate Abilities, Weirdness & Mutations

((You have a pair of small horns on your head.))
((You are partially covered in sharp spines.))
When hurt, damage is shared between your health and your magic reserves.
You regenerate magic rapidly.
((Your movements are slightly less encumbered by armour. (ER -2)))


Message History

The acid dragon seems to slow down.
You feel slightly more hungry.
You now have 8/15 mp.
The acid dragon is struck by your spines.
The acid dragon completely misses you. The acid dragon claws you.
* * * LOW HITPOINT WARNING * * *
A wraith comes into view.
You take 2 damage, and have 26/87 hp.
As you read the scroll labeled GUKHYE UNURAWO, it crumbles to dust.
It is a scroll of brand weapon.
Your +2 hand axe of freezing is engulfed in flames!
H - a +2 hand axe of flaming (weapon)
As you read the scroll labeled NUMISHR BUHEUG, it crumbles to dust.
Your body is wracked with pain!
* * * LOW HITPOINT WARNING * * *
The acid dragon convulses!
It was a scroll of torment.
You block the acid dragon's attack. The acid dragon claws you.
* * * LOW HITPOINT WARNING * * *
You take 9 damage, and have 18/87 hp.
You now have 5/15 mp.
You hit the acid dragon but do no damage.
You hit the hungry ghost but do no damage.
The acid dragon spits acid at you. You block the splash of acid.
You hear an angry hiss.
You hear a shout!
Okay, then.
Really quaff
p - 2 potions of lignification {!q}?
Okay, then.
Really quaff
p - 2 potions of lignification {!q}?
You turn into a tree.
Your +1 pair of gloves melds into your body.
Your +0 troll leather armour {regen} melds into your body.
Your roots penetrate the ground.
The hungry ghost hits you.
You are feeling very hungry.
You now have 28/130 hp.
You feel better. The hungry ghost hits you.
You are near starving!
The acid dragon bites you!
* * * LOW HITPOINT WARNING * * *
The acid dragon claws you but does no damage.
You regained 4 hp, and now have 32/130 hp.
You miss the hungry ghost. You hit the acid dragon. You burn the acid dragon.
The hungry ghost hits you.
You feel somewhat more hungry. The acid dragon barely misses you.
The acid dragon claws you but does no damage.
You hit the acid dragon but do no damage.
You hit the hungry ghost. You burn the hungry ghost.
You hit the wraith but do no damage. You block the hungry ghost's attack.
The wraith hits you but does no damage.
You hit the acid dragon but do no damage.
You hit the wraith but do no damage. You hit the hungry ghost.
You burn the hungry ghost. The acid dragon spits acid at you.
Helpless, you fail to dodge the splash of acid.
* * * LOW HITPOINT WARNING * * *
You are splashed with acid!
The acid burns!
* * * LOW HITPOINT WARNING * * *
You block the hungry ghost's attack. You block the wraith's attack.
You take 19 damage, and have 13/130 hp.
You now have 2/15 mp.
You hit the acid dragon but do no damage.
You hit the wraith. You burn the wraith. You closely miss the hungry ghost.
You barely miss the acid dragon. You hit the hungry ghost.
You burn the hungry ghost. You hit the wraith. You burn the wraith.
You block the hungry ghost's attack. The wraith hits you but does no damage.
The acid dragon bites you but does no damage.
The acid dragon claws you but does no damage.
You barely miss the acid dragon. You closely miss the wraith.
You miss the hungry ghost. The wraith hits you but does no damage.
The hungry ghost hits you.
You are starving!
You hit the acid dragon but do no damage.
You hit the wraith but do no damage. You closely miss the hungry ghost.
The acid dragon is no longer moving slowly.
The acid dragon bites you but does no damage.
You block the acid dragon's attack. The hungry ghost completely misses you.
The wraith hits you!
* * * LOW HITPOINT WARNING * * *
You take 5 damage, and have 8/130 hp.
You now have 2/15 mp.
You hit the acid dragon but do no damage.
You hit the hungry ghost. You burn the hungry ghost.
You closely miss the wraith.
The acid dragon bites you but does no damage.
The acid dragon claws you.
* * * LOW HITPOINT WARNING * * *
You take 1 damage, and have 7/130 hp.
The wyvern hisses angrily.
You hit the acid dragon but do no damage.
You barely miss the hungry ghost. You hit the wraith but do no damage.
The hungry ghost hits you.
You feel somewhat more hungry. You block the wraith's attack.
The acid dragon bites you but does no damage.
The acid dragon claws you but does no damage.
You closely miss the acid dragon. You closely miss the wraith.
You closely miss the hungry ghost. The wraith hits you but does no damage.
You block the hungry ghost's attack.
You hit the acid dragon. You burn the acid dragon.
You closely miss the hungry ghost. You hit the wraith but do no damage.
The acid dragon spits acid at you. The splash of acid hits you!
* * * LOW HITPOINT WARNING * * *
You are splashed with acid!
The acid burns!
You die...

#......# #....).#
#......# #####'##
####'### #.# #...# #.#
#.### ##.# ###'#######
#..# ..........# #.##
..........#######W##
....).....'.....♣Wl######
((........#######D......#
..........# ##.#####..
..........# #..#
#######+### #.## #.# #[#
#'# $..


You could see a hungry ghost, a wraith, a wyvern and an acid dragon.

Vanquished Creatures
  3 two-headed ogres
  A manticore (D:11)
  Joseph (D:8)
  2 trolls
  A hornet (D:11)
  Prince Ribbit (D:7)
  A wraith (D:10)
  A wyvern (D:9)
  4 yaks (D:10)
  Edmund (D:6)
  Duvessa (D:7)
  An orc warrior (D:7)
  2 sky beasts
  3 phantoms
  2 ogres
  3 ice beasts
  5 centaurs
  A big kobold (D:9)
  3 bullfrogs
  Dowan (D:7)
  2 scorpions
  9 killer bees
  7 wights
  11 howler monkeys
  A vampire bat (D:4)
  2 bullfrog zombies
  3 crimson imps
  3 jellies
  5 orc priests
  6 hounds
  A bullfrog skeleton (D:10)
  2 centaur skeletons
  5 iguanas
  Natasha (thrice) (D:3 D:4)
  9 orc wizards
  7 worker ants
  A hound skeleton (D:8)
  4 gnolls (D:6)
  A howler monkey skeleton (D:7)
  A worker ant zombie (D:7)
  7 adders
  3 shadow imps
  An ooze (D:2)
  3 worms
  2 dart slugs (D:1)
  3 fire bats (D:4)
  3 leopard geckos
  34 orcs
  2 spectral bats (D:4)
  2 ball pythons
  18 bats
  3 bat skeletons (D:4)
  A bat zombie (D:4)
  A giant cockroach (D:1)
  6 hobgoblins
  10 jackals
  8 kobolds
  7 quokkas
  A bat simulacrum (D:4)
  4 frilled lizards
  4 goblins
  A leopard gecko skeleton (D:8)
  6 rats
251 creatures vanquished.

Vanquished Creatures (others)
  4 fungi (D:9)
4 creatures vanquished.

Grand Total: 255 creatures vanquished

Notes
Turn   | Place    | Note
-------+----------+-------------------------------------------
     0 | D:1      | shakethe the Demonspawn Gladiator began the quest for the Orb.
     0 | D:1      | Reached XP level 1. HP: 16/16 MP: 1/1
   338 | D:1      | Reached skill level 3 in Axes
   343 | D:1      | Gained mutation: You have a pair of small horns on your head. [demonic ancestry]
   343 | D:1      | Reached XP level 2. HP: 22/22 MP: 2/2
   624 | D:1      | Reached skill level 3 in Dodging
   999 | D:2      | Reached XP level 3. HP: 28/28 MP: 3/3
  1033 | D:2      | Found a stormy altar of Qazlal.
  1830 | D:2      | Gained mutation: When hurt, damage is shared between your health and your magic reserves. [demonic ancestry]
  1830 | D:2      | Reached XP level 4. HP: 31/34 MP: 4/4
  1912 | D:3      | Noticed Natasha
  1916 | D:3      | Killed Natasha
  1949 | D:3      | Noticed Natasha
  1954 | D:3      | Killed Natasha
  1954 | D:3      | Reached skill level 4 in Axes
  1969 | D:3      | Reached skill level 3 in Fighting
  1975 | D:3      | Reached XP level 5. HP: 39/41 MP: 3/5
  2751 | D:3      | HP: 10/41 [poisoned by a kobold]
  2759 | D:3      | HP: 8/41 [poisoned by a kobold]
  2767 | D:3      | HP: 7/41 [poisoned by a kobold]
  2800 | D:3      | HP: 9/41 [hobgoblin/club (1)]
  3148 | D:4      | Noticed Xelenos's ghost (amateur DsFi)
  3397 | D:4      | Found a shimmering altar of Xom.
  3482 | D:4      | Noticed Natasha
  3501 | D:4      | Killed Natasha
  3501 | D:4      | Reached XP level 6. HP: 37/47 MP: 3/6
  3713 | D:4      | Reached skill level 5 in Axes
  3713 | D:4      | Reached skill level 4 in Dodging
  4399 | D:4      | Reached skill level 4 in Fighting
  4407 | D:4      | Reached XP level 7. HP: 36/54 MP: 7/7
  4940 | D:5      | Entered Level 5 of the Dungeon
  5180 | D:5      | Reached skill level 6 in Axes
  5947 | D:5      | HP: 13/55 [poisoned by a killer bee]
  6519 | D:5      | Got a polished scale mail
  6744 | D:6      | Found an ornate altar of the Wu Jian Council.
  6814 | D:6      | Found a shadowy altar of Dithmenos.
  6814 | D:6      | Found a radiant altar of Vehumet.
  6817 | D:6      | Found a glowing golden altar of the Shining One.
  6828 | D:6      | Noticed Edmund
  6845 | D:7      | Reached skill level 5 in Dodging
  6845 | D:7      | Gained mutation: Your movements are slightly less encumbered by armour. (ER -2) [demonic ancestry]
  6845 | D:7      | Reached XP level 8. HP: 27/61 MP: 5/8
  7056 | D:7      | Noticed Prince Ribbit
  7063 | D:7      | Killed Prince Ribbit
  7063 | D:7      | Reached skill level 5 in Fighting
  7063 | D:7      | Reached skill level 7 in Axes
  7250 | D:7      | HP: 11/63 [sky beast (5)]
  7523 | D:5      | Identified the cursed +1 scale mail "Ulowouta" {+Blink rF- rCorr Dex+3} (You found it on level 5 of the Dungeon)
  7870 | D:6      | Reached skill level 6 in Fighting
  7870 | D:6      | Reached skill level 8 in Axes
  7901 | D:6      | Found Qahioqe's Weapon Boutique.
  7983 | D:6      | Reached skill level 6 in Dodging
  8097 | D:6      | Gained mutation: You are partially covered in sharp spines. [demonic ancestry]
  8097 | D:6      | Reached XP level 9. HP: 61/69 MP: 7/9
  8371 | D:6      | Killed Edmund
  8401 | D:7      | Found a staircase to the Ecumenical Temple.
  8481 | D:7      | Found Extofag's Weapon Shop.
  8486 | D:7      | Noticed Duvessa
  8488 | D:7      | Noticed Dowan
  8503 | D:7      | Killed Duvessa
  8504 | D:7      | Killed Dowan
  9023 | D:8      | Noticed a troll
  9031 | D:8      | Killed a troll
  9031 | D:8      | Reached skill level 9 in Axes
  9063 | Temple   | Entered the Ecumenical Temple
  9206 | D:8      | Noticed Joseph
  9224 | D:8      | Killed Joseph
  9224 | D:8      | Reached skill level 7 in Fighting
  9302 | D:8      | Found a burning altar of Makhleb.
  9302 | D:8      | Found a snail-covered altar of Cheibriados.
  9303 | D:8      | Found an iron altar of Okawaru.
  9341 | D:8      | Became a worshipper of Cheibriados the Contemplative
  9384 | D:8      | Reached skill level 7 in Dodging
  9384 | D:8      | Reached skill level 1 in Invocations
  9908 | D:9      | Found a staircase to the Lair.
  9914 | D:9      | Reached * piety under Cheibriados
  9925 | D:9      | Reached skill level 2 in Invocations
  9984 | D:9      | Reached XP level 10. HP: 42/79 MP: 4/11
 10000 | D:9      | Noticed a two-headed ogre
 10004 | D:9      | Killed a two-headed ogre
 10004 | D:9      | Reached skill level 10 in Axes
 10004 | D:9      | Reached skill level 3 in Invocations
 10161 | D:9      | Found an ancient bone altar of Kikubaaqudgha.
 10624 | D:10     | Entered Level 10 of the Dungeon
 10721 | D:10     | Reached ** piety under Cheibriados
 10766 | D:10     | Found a portal to a secret trove of treasure.
 10838 | D:10     | Reached skill level 4 in Invocations
 11004 | D:10     | Reached skill level 8 in Fighting
 11146 | D:10     | Reached *** piety under Cheibriados
 11253 | D:10     | Reached skill level 5 in Invocations
 11370 | D:10     | Found Biolel's Assorted Antiques.
 11444 | D:11     | Paralysed by a hornet for 1 turns
 11446 | D:11     | Reached skill level 8 in Dodging
 11601 | D:11     | Noticed a two-headed ogre
 11608 | D:11     | Killed a two-headed ogre
 11608 | D:11     | Reached skill level 11 in Axes
 11608 | D:11     | Gained mutation: You regenerate magic rapidly. [demonic ancestry]
 11608 | D:11     | Reached XP level 11. HP: 87/87 MP: 15/15
 11653 | D:11     | HP: 12/87 [manticore (15)]
 11661 | D:11     | Reached skill level 6 in Invocations
 11791 | D:11     | Noticed a two-headed ogre
 11799 | D:11     | Killed a two-headed ogre
 11882 | D:11     | HP: 18/87 [/a scroll of torment (9)]
 11888 | D:11     | HP: 25/130 [acid dragon/splash of acid (8)]
 11892 | D:11     | HP: 8/130 [wraith (6)]
 11896 | D:11     | Splashed by an acid dragon's acid

Skill      XL: |  1  2  3  4  5  6  7  8  9 10 11 |
---------------+----------------------------------+-----
Axes           | 3 4 5 6 8 9 11 | 11.2
Dodging        | 3 4 5 6 7 8 |  8.2
Fighting       | 3 4 6 7 8 |  8.7
Invocations    | 2 5 6 |  6.2
Throwing       | |  1.7

Action                   |  1- 3 |  4- 6 |  7- 9 | 10-12 || total
-------------------------+-------+-------+-------+-------++-------
Melee: War axe           |    54 |       |       |       ||    54
       Hand axe          |    55 |   159 |   356 |   209 ||   779
       Headbutt          |     8 |    23 |    73 |    55 ||   159
 Fire: Blowgun           |       |     6 |       |       ||     6
Invok: Bend Time         |       |       |       |     2 ||     2
Evoke: Wand              |       |     4 |    30 |     7 ||    41
  Use: Scroll            |     4 |     3 |    12 |     6 ||    25
       Potion            |       |       |       |     6 ||     6
 Stab: Paralysed         |       |       |     2 |       ||     2
  Eat: Chunk             |     2 |     5 |     7 |     1 ||    15
       Ration            |       |     1 |     4 |       ||     5
Armor: Leather armour    |    34 |    50 |    32 |       ||   116
       Scale mail        |       |       |    31 |       ||    31
       Troll leather arm |       |       |     7 |    20 ||    27
       Skin              |       |       |       |    17 ||    17
Dodge: Dodged            |    83 |   142 |   251 |   135 ||   611
Block: Buckler           |       |       |    26 |    50 ||    76

Vault maps used:
D:1:      tarquinn_simple_flora_water_d, corner_web_ring, roderic_lattice_a,
          st_stairs_3
D:2:      lemuel_upstairs_altar, minmay_misc_feat_square, grunt_qazlal_clouds
D:3:      first_ration, kennysheep_generic_room_10, uniq_natasha
D:4:      xom_butterflies, goddamned_bats
D:6:      grunt_temple_overflow_open, serial_shops, nicolae_shop_trees,
          uniq_edmund
D:7:      minmay_temple_entry_statues_fountains, serial_shops, shop,
          uniq_duvessa, uniq_prince_ribbit1
D:8:      gammafunk_temple_overflow_claw, uniq_joseph
D:9:      nicolae_overflow_crystal_walls, dpeg_oklobed_lair
D:10:     nicolae_trove_entry_crystal, serial_shops, nicolae_shop_behind_doors,
          uniq_grum
Temple:   cyrus_circular_temple

Table legend:
 A = Turns spent in this place as a percentage of turns spent in the entire game.
 B = Non-inter-level travel turns spent in this place as a percentage of non-inter-level travel turns spent in the entire game.
 C = Inter-level travel turns spent in this place as a percentage of turns spent in this place.
 D = Turns resting spent in this place as a percentage of non-inter-level travel turns spent in this place.
 E = Turns spent auto-exploring this place as a percentage of non-inter-level travel turns spent in this place.
 F = Non-inter-level travel turns spent in this place divided by the number of levels of this place that you've seen.
                   A       B       C       D       E      F
               +-------+-------+-------+-------+-------+----------------------
         Total | 100.0 | 100.0 |   2.7 |  35.2 |  41.8 | 964.2
       Dungeon |  99.0 |  98.9 |   2.8 |  35.6 |  41.8 | 1040.7
        Temple |   1.0 |   1.1 |   0.0 |   0.0 |  42.6 | 122.0
               +-------+-------+-------+-------+-------+----------------------

Table legend:
 A = Kills in this place as a percentage of kills in entire the game.
 B = Kills by you in this place as a percentage of kills by you in the entire game.
 C = Kills by friends in this place as a percentage of kills by friends in the entire game.
 D = Other kills in this place as a percentage of other kills in the entire game.
 E = Experience gained in this place as a percentage of experience gained in the entire game.
 F = Experience gained in this place divided by the number of levels of this place that you have seen.
                   A       B       C       D       E      F
               +-------+-------+-------+-------+-------+----------------------
         Total | 100.0 | 100.0 |   N/A |   N/A | 100.0 | 1090.2
       Dungeon | 100.0 | 100.0 |   N/A |   N/A | 100.0 | 1189.3
               +-------+-------+-------+-------+-------+----------------------
